| TOP OF THE 1ST |
|
Jackson Generals batting - Pitching for New Hampshire Fisher Cats : LHP Antonio Villarreal
|
|
Pitching: LHP Antonio Villarreal
|
|
|
Batting: RHB Tomokazu Sugimoto
|
0-0: Foul Ball, location: 2F 0-1: Ball 1-1: Ground out 4-3 (Groundball, 4, EV 93.1 MPH)
|
|
Batting: RHB Enrique Valdez
|
0-0: Ground out 1-3 (Groundball, 15S, EV 68.1 MPH)
|
|
Batting: RHB Julian Gregory
|
0-0: Ball 1-0: Foul Ball, location: 2F 1-1: Foul Ball, location: 2F 1-2: Foul Ball, location: 2F 1-2: Strikes out swinging
|
| Top of the 1st over - 0 runs, 0 hits, 0 errors, 0 left on base; Jackson 0 - New Hampshire 0 |
| BOTTOM OF THE 1ST |
|
New Hampshire Fisher Cats batting - Pitching for Jackson Generals : RHP Jose Lomas
|
|
Pitching: RHP Jose Lomas
|
|
|
Batting: RHB Tokuji Kawabata
|
0-0: Ground out 5-3 (Groundball, 56S, EV 85.6 MPH)
|
|
Batting: RHB Stephen Casteel
|
0-0: Called Strike 0-1: Ball 1-1: Foul Ball, location: 2F 1-2: Foul Ball, location: 2F 1-2: Foul Ball, location: 2F 1-2: Ball 2-2: TRIPLE (Flyball, 89XD, EV 106.2 MPH)
|
|
Batting: RHB Bill Murray
|
0-0: Called Strike 0-1: Ball 1-1: Ball 2-1: Ball 3-1: Ground out 4-3 (Groundball, 4, EV 83.8 MPH) Stephen Casteel scores
|
|
Batting: RHB Justin Geiger
|
0-0: Ball 1-0: Ground out 4-3 (Groundball, 4, EV 83.1 MPH)
|
| Bottom of the 1st over - 1 run, 1 hit, 0 errors, 0 left on base; Jackson 0 - New Hampshire 1 |
| TOP OF THE 2ND |
|
Jackson Generals batting - Pitching for New Hampshire Fisher Cats : LHP Antonio Villarreal
|
|
Batting: RHB Mike Conaway
|
0-0: Ground out 5-3 (Groundball, 5L, EV 83.8 MPH)
|
|
Batting: RHB Kagetoki Kawai
|
0-0: Foul Ball, location: 2F 0-1: Ball 1-1: Foul Ball, location: 2F 1-2: Ball 2-2: Foul Ball, location: 2F 2-2: Ball 3-2: Strikes out swinging
|
|
Batting: RHB Ching-hsia Zhang
|
0-0: Called Strike 0-1: Called Strike 0-2: Ground out 4-3 (Groundball, 4, EV 106.9 MPH)
|
| Top of the 2nd over - 0 runs, 0 hits, 0 errors, 0 left on base; Jackson 0 - New Hampshire 1 |
| BOTTOM OF THE 2ND |
|
New Hampshire Fisher Cats batting - Pitching for Jackson Generals : RHP Jose Lomas
|
|
Batting: RHB Chris Martin
|
0-0: Called Strike 0-1: Ball 1-1: SINGLE (Line Drive, 9LS, EV 105.0 MPH)
|
|
Batting: RHB Bobby Lasaguna
|
0-0: Called Strike Chris Martin is caught stealing 2nd base 2-4 0-1: SINGLE (Line Drive, 9S, EV 103.8 MPH)
|
|
Batting: RHB Kirk Seiffert
|
0-0: Ball Bobby Lasaguna steals 2nd base 1-0: Foul Ball, location: 2F 1-1: Ball Bobby Lasaguna steals 3rd base 2-1: Ball 3-1: SINGLE (Groundball, 56, EV 98.8 MPH) (infield hit) Bobby Lasaguna scores
|
|
Batting: RHB Justin Powell
|
0-0: Ball Kirk Seiffert steals 2nd base 1-0: Ball 2-0: Foul Ball, location: 2F 2-1: Ground out 5-3 (Groundball, 56S, EV 81.2 MPH)
|
|
Batting: LHB Kurt Estep
|
0-0: Ground out 4-3 (Groundball, 4, EV 103.8 MPH)
|
| Bottom of the 2nd over - 1 run, 3 hits, 0 errors, 1 left on base; Jackson 0 - New Hampshire 2 |
| TOP OF THE 3RD |
|
Jackson Generals batting - Pitching for New Hampshire Fisher Cats : LHP Antonio Villarreal
|
|
Batting: RHB Victor Rosas
|
0-0: SINGLE (Line Drive, 4D, EV 97.5 MPH)
|
|
Batting: LHB Brent Dutcher
|
0-0: Called Strike 0-1: Swinging Strike 0-2: Strikes out swinging
|
|
Batting: RHB Egidius Kruger
|
0-0: Ball 1-0: Ball 2-0: Foul Ball, location: 2F 2-1: Ball 3-1: Called Strike 3-2: Base on Balls Victor Rosas to second
|
|
Batting: RHB Tomokazu Sugimoto
|
0-0: Called Strike 0-1: Swinging Strike 0-2: Ball 1-2: Strikes out swinging
|
|
Batting: RHB Enrique Valdez
|
0-0: Called Strike 0-1: Ball 1-1: Called Strike 1-2: Ball 2-2: Foul Ball, location: 2F 2-2: Foul Ball, location: 2F 2-2: Foul Ball, location: 2F 2-2: Ground out 1-3 (Groundball, 34S, EV 71.2 MPH)
|
| Top of the 3rd over - 0 runs, 1 hit, 0 errors, 2 left on base; Jackson 0 - New Hampshire 2 |
| BOTTOM OF THE 3RD |
|
New Hampshire Fisher Cats batting - Pitching for Jackson Generals : RHP Jose Lomas
|
|
Batting: RHB Tokuji Kawabata
|
0-0: Called Strike 0-1: Ball 1-1: Ball 2-1: Foul Ball, location: 2F 2-2: Ground out 6-3 (Groundball, 6, EV 88.8 MPH)
|
|
Batting: RHB Stephen Casteel
|
0-0: Foul Ball, location: 2F 0-1: Foul Ball, location: 2F 0-2: Foul Ball, location: 2F 0-2: Foul Ball, location: 2F 0-2: SINGLE (Groundball, 6MD, EV 96.9 MPH)
|
|
Batting: RHB Bill Murray
|
0-0: Called Strike Stephen Casteel is caught stealing 2nd base 2-4 0-1: Ground out 6-3 (Groundball, 56, EV 110.0 MPH)
|
| Bottom of the 3rd over - 0 runs, 1 hit, 0 errors, 0 left on base; Jackson 0 - New Hampshire 2 |
| TOP OF THE 4TH |
|
Jackson Generals batting - Pitching for New Hampshire Fisher Cats : LHP Antonio Villarreal
|
|
Batting: RHB Julian Gregory
|
0-0: Ball 1-0: Swinging Strike 1-1: Swinging Strike 1-2: Ball 2-2: Strikes out swinging
|
|
Batting: RHB Mike Conaway
|
0-0: Ball 1-0: Ball 2-0: Ground out 4-3 (Groundball, 4MS, EV 74.4 MPH)
|
|
Batting: RHB Kagetoki Kawai
|
0-0: Called Strike 0-1: Ball 1-1: Called Strike 1-2: Strikes out swinging
|
| Top of the 4th over - 0 runs, 0 hits, 0 errors, 0 left on base; Jackson 0 - New Hampshire 2 |
| BOTTOM OF THE 4TH |
|
New Hampshire Fisher Cats batting - Pitching for Jackson Generals : RHP Jose Lomas
|
|
Batting: RHB Justin Geiger
|
0-0: Ball 1-0: Called Strike 1-1: Swinging Strike 1-2: Fly out, F9 (Flyball, 89D, EV 98.1 MPH)
|
|
Batting: RHB Chris Martin
|
0-0: Called Strike 0-1: Swinging Strike 0-2: Ball 1-2: Ball 2-2: Ground out 4-3 (Groundball, 4D, EV 82.5 MPH)
|
|
Batting: RHB Bobby Lasaguna
|
0-0: Ground out 6-3 (Groundball, 6, EV 87.5 MPH)
|
| Bottom of the 4th over - 0 runs, 0 hits, 0 errors, 0 left on base; Jackson 0 - New Hampshire 2 |
| TOP OF THE 5TH |
|
Jackson Generals batting - Pitching for New Hampshire Fisher Cats : LHP Antonio Villarreal
|
|
Batting: RHB Ching-hsia Zhang
|
0-0: SINGLE (Line Drive, 56, EV 111.9 MPH)
|
|
Batting: RHB Victor Rosas
|
0-0: Ball 1-0: Fielders Choice at 2nd, 4-6 (Groundball, 4, EV 86.2 MPH)
|
|
Batting: LHB Brent Dutcher
|
0-0: Ball 1-0: Foul Ball, location: 2F 1-1: Ball 2-1: Foul Ball, location: 2F 2-2: Ball 3-2: Grounds into double play, 5-4-3 (Groundball, 56D, EV 100.0 MPH)
|
| Top of the 5th over - 0 runs, 1 hit, 0 errors, 0 left on base; Jackson 0 - New Hampshire 2 |
| BOTTOM OF THE 5TH |
|
New Hampshire Fisher Cats batting - Pitching for Jackson Generals : RHP Jose Lomas
|
|
Batting: RHB Kirk Seiffert
|
0-0: Ball 1-0: Ball 2-0: Called Strike 2-1: Swinging Strike 2-2: Strikes out swinging
|
|
Batting: RHB Justin Powell
|
0-0: Ball 1-0: Called Strike 1-1: SINGLE (Groundball, 5D, EV 98.8 MPH)
|
|
Batting: LHB Kurt Estep
|
0-0: Ball Justin Powell steals 2nd base 1-0: Swinging Strike 1-1: Fly out, F7 (Flyball, 78XD, EV 98.8 MPH) Runner from 2nd tags up, SAFE at 3rd, no throw by LF
|
|
Batting: RHB Tokuji Kawabata
|
0-0: Swinging Strike 0-1: Ball 1-1: Foul Ball, location: 2F 1-2: Ball 2-2: Ball 3-2: Strikes out swinging
|
| Bottom of the 5th over - 0 runs, 1 hit, 0 errors, 1 left on base; Jackson 0 - New Hampshire 2 |
| TOP OF THE 6TH |
|
Jackson Generals batting - Pitching for New Hampshire Fisher Cats : LHP Antonio Villarreal
|
|
Batting: RHB Egidius Kruger
|
0-0: Fly out, F7 (Flyball, 7, EV 83.1 MPH)
|
|
Batting: RHB Tomokazu Sugimoto
|
0-0: Ball 1-0: Called Strike 1-1: DOUBLE (Line Drive, 5D, EV 103.8 MPH)
|
|
Batting: RHB Enrique Valdez
|
0-0: DOUBLE (Line Drive, 8RXD, EV 101.9 MPH) Tomokazu Sugimoto scores
|
|
Batting: RHB Julian Gregory
|
0-0: Ball 1-0: Ball 2-0: Foul Ball, location: 2F 2-1: Swinging Strike 2-2: Ball 3-2: Strikes out looking
|
|
Batting: RHB Mike Conaway
|
0-0: Ball 1-0: Swinging Strike 1-1: SINGLE (Groundball, 4MD, EV 96.9 MPH) Enrique Valdez to third Runner from 3rd tries for Home, SAFE, throw by CF to home
|
|
Batting: RHB Kagetoki Kawai
|
0-0: SINGLE (Groundball, 6S, EV 97.5 MPH) Mike Conaway to second Runner from 2nd tries for 3rd, SAFE, throw by LF made to third
|
|
Batting: RHB Ching-hsia Zhang
|
0-0: Ball 1-0: Called Strike 1-1: Ball 2-1: Foul Ball, location: 2F 2-2: Ground out 1-3 (Groundball, 15S, EV 63.8 MPH)
|
| Top of the 6th over - 2 runs, 4 hits, 0 errors, 2 left on base; Jackson 2 - New Hampshire 2 |
| BOTTOM OF THE 6TH |
|
New Hampshire Fisher Cats batting - Pitching for Jackson Generals : RHP Jose Lomas
|
|
Batting: RHB Stephen Casteel
|
0-0: Called Strike 0-1: Ball 1-1: Foul Ball, location: 2F 1-2: Ball 2-2: Ball 3-2: Base on Balls
|
|
Batting: RHB Bill Murray
|
0-0: Ball Stephen Casteel steals 2nd base 1-0: Ball 2-0: Called Strike 2-1: Ball 3-1: Called Strike 3-2: Base on Balls
|
|
Batting: RHB Justin Geiger
|
0-0: Ball 1-0: SINGLE (Groundball, 6MD, EV 110.6 MPH) Stephen Casteel to third Bill Murray to second Throwing error, E8 Stephen Casteel scores Bill Murray to third Justin Geiger to second
|
|
Pitching: RHP Kieran Easton
|
|
|
Batting: RHB Chris Martin
|
0-0: Ball 1-0: Fly out, F3 (Popup, 3L, EV 76.2 MPH)
|
|
Batting: RHB Bobby Lasaguna
|
0-0: Ball 1-0: Ball 2-0: Ball 3-0: Base on Balls
|
|
Batting: RHB Kirk Seiffert
|
0-0: Called Strike 0-1: Foul Ball, location: 2F 0-2: Ball 1-2: Ball 2-2: Fly out, F7 (Flyball, 7, EV 85.0 MPH) Runner from 3rd tags up, SCORES, no throw by LF
|
|
Batting: RHB Justin Powell
|
0-0: Foul Ball, location: 2F 0-1: Fly out, F4 (Popup, 34D, EV 59.4 MPH)
|
| Bottom of the 6th over - 2 runs, 1 hit, 1 error, 2 left on base; Jackson 2 - New Hampshire 4 |
| TOP OF THE 7TH |
|
Jackson Generals batting - Pitching for New Hampshire Fisher Cats : LHP Antonio Villarreal
|
|
Now at 2B: Kirk Seiffert
|
|
|
Now at SS: Luis Reyes
|
|
|
Batting: RHB Victor Rosas
|
0-0: Ball 1-0: Called Strike 1-1: Called Strike 1-2: Ball 2-2: Ground out 6-3 (Groundball, 6D, EV 83.8 MPH)
|
|
Batting: LHB Brent Dutcher
|
0-0: Ball 1-0: Foul Ball, location: 2F 1-1: Swinging Strike 1-2: Strikes out swinging
|
|
Batting: RHB Egidius Kruger
|
0-0: Ground out 5-3 (Groundball, 5, EV 100.0 MPH)
|
| Top of the 7th over - 0 runs, 0 hits, 0 errors, 0 left on base; Jackson 2 - New Hampshire 4 |
| BOTTOM OF THE 7TH |
|
New Hampshire Fisher Cats batting - Pitching for Jackson Generals : RHP Kieran Easton
|
|
Batting: LHB Kurt Estep
|
0-0: Ground out 4-3 (Groundball, 4, EV 86.2 MPH)
|
|
Batting: RHB Tokuji Kawabata
|
0-0: Ball 1-0: Ball 2-0: Called Strike 2-1: Swinging Strike 2-2: Foul Ball, location: 2F 2-2: Strikes out swinging
|
|
Batting: RHB Luis Reyes
|
0-0: Ball 1-0: Called Strike 1-1: Swinging Strike 1-2: SINGLE (Groundball, 6MS, EV 70.6 MPH) (infield hit)
|
|
Batting: RHB Bill Murray
|
0-0: Ball 1-0: Ball 2-0: Ball 3-0: Called Strike 3-1: Fielders Choice at 2nd, 5-4 (Groundball, 56, EV 84.4 MPH)
|
| Bottom of the 7th over - 0 runs, 1 hit, 0 errors, 1 left on base; Jackson 2 - New Hampshire 4 |
| TOP OF THE 8TH |
|
Jackson Generals batting - Pitching for New Hampshire Fisher Cats : LHP Antonio Villarreal
|
|
Now at 2B: Tristan Dearing
|
|
|
Now at 3B: Kirk Seiffert
|
|
|
Batting: RHB Tomokazu Sugimoto
|
0-0: Ground out 1-3 (Groundball, 13S, EV 70.0 MPH)
|
|
Batting: RHB Enrique Valdez
|
0-0: Called Strike 0-1: Fly out, F8 (Flyball, 8RM, EV 77.5 MPH)
|
|
Batting: RHB Julian Gregory
|
0-0: Ball 1-0: Ball 2-0: Called Strike 2-1: Fly out, F7 (Line Drive, 78M, EV 91.2 MPH)
|
| Top of the 8th over - 0 runs, 0 hits, 0 errors, 0 left on base; Jackson 2 - New Hampshire 4 |
| BOTTOM OF THE 8TH |
|
New Hampshire Fisher Cats batting - Pitching for Jackson Generals : RHP Kieran Easton
|
|
Pitching: LHP Ben Burton
|
|
|
Batting: RHB Justin Geiger
|
0-0: Foul Ball, location: 2F 0-1: Ball 1-1: Ball 2-1: Ball 3-1: Called Strike 3-2: Base on Balls
|
|
Batting: RHB Chris Martin
|
0-0: Ball 1-0: Called Strike Justin Geiger steals 2nd base 1-1: Fly out, F4 (Popup, 4M, EV 53.1 MPH)
|
|
Batting: RHB Bobby Lasaguna
|
0-0: Called Strike Justin Geiger steals 3rd base 0-1: Foul Ball, location: 2F 0-2: SINGLE (Groundball, 56, EV 105.6 MPH) (infield hit) Justin Geiger scores
|
|
Batting: RHB Kirk Seiffert
|
0-0: Ball Bobby Lasaguna steals 2nd base (no throw) 1-0: Swinging Strike 1-1: Ground out 6-3 (Groundball, 6, EV 85.0 MPH) Bobby Lasaguna to third
|
|
Batting: RHB Justin Powell
|
0-0: SINGLE (Line Drive, 34, EV 102.5 MPH) Bobby Lasaguna scores
|
|
Batting: LHB Kurt Estep
|
0-0: Ball 1-0: Called Strike 1-1: Ball 2-1: Ball Justin Powell steals 2nd base 3-1: Foul Ball, location: 2F 3-2: Foul Ball, location: 2F 3-2: Strikes out looking
|
| Bottom of the 8th over - 2 runs, 2 hits, 0 errors, 1 left on base; Jackson 2 - New Hampshire 6 |
| TOP OF THE 9TH |
|
Jackson Generals batting - Pitching for New Hampshire Fisher Cats : LHP Antonio Villarreal
|
|
Batting: RHB Mike Conaway
|
0-0: Ball 1-0: Foul Ball, location: 2F 1-1: Ball 2-1: SINGLE (Groundball, 5S, EV 70.0 MPH) (infield hit)
|
|
Batting: RHB Kagetoki Kawai
|
0-0: Fly out, F8 (Flyball, 8RXD, EV 107.5 MPH)
|
|
Batting: RHB Ching-hsia Zhang
|
0-0: Called Strike 0-1: Ball 1-1: Swinging Strike 1-2: SINGLE (Groundball, 6MD, EV 105.6 MPH) Mike Conaway to second
|
|
Pitching: RHP Sergio Valdivia
|
|
|
Batting: RHB Victor Rosas
|
0-0: Called Strike 0-1: Called Strike 0-2: Grounds into double play, 5-4-3 (Groundball, 56S, EV 81.9 MPH)
|
| Top of the 9th over - 0 runs, 2 hits, 0 errors, 1 left on base; Jackson 2 - New Hampshire 6 |
|